cohdb
Replays
Latest Replays
All Replays
Popular Replays
Top Player Replays
Match Explorer
How It Works
Community
CoH3 Stats
Reddit
Sign in to upload your games and track your stats! →
Sign in with Steam
Match 45710011
Unlisted
Match 45710011
Overview
Messages
Build Orders
End
Construct Infanterie Kompanie
Grenadier Squad
MG 42 Machine Gun Team
Selects Terror Battlegroup
Grenadier Squad
Construct Panzergrenadier Kompanie
Selects Machine Gun Camouflage
Panzergrenadier Squad
Medical Bunker
Support Elements
Selects Interrogate
Nebelwerfer 42 Rocket Launcher Team
StuG III G Assault Gun
Selects Defend the Fatherland
Pioneer Squad
MG 42 Machine Gun Team
251 Medium Carrier
StuG III G Assault Gun
Gaylord Thistlebottom VII
Fatbastard
Dr. Alfred Plumville
Zazick04
ttheadventure
408797217
vandezh
Rope Salesm4n
0
0
Comments
sign in to comment!
No comments posted yet!